 Dungeon Crawl Stone Soup version 0.30-a0-266-g2b27a225a3 (webtiles) character file.

Game seed: 14791803189039813584

207434 MrRokkomies the Impassioned (level 18, -2/154 (172) HPs)
             Began as an Armataur Delver on Oct 14, 2022.
             Was a Believer of Uskayaw.
             Slain by an Executioner (9 damage)
             ... on level 3 of the Abyss.
             The game lasted 01:28:57 (38855 turns).

MrRokkomies the Impassioned (Armataur Delver)      Turns: 38855, Time: 01:28:57

HP:   -2/154 (172)  AC: 21    Str: 26    XL:     18   Next: 9%
MP:   30/30         EV: 15    Int: 11    God:    Uskayaw [**....]
Gold: 2450          SH:  0    Dex: 24    Spells: 17/17 levels left

rFire   + . .      SeeInvis .    a - +11 rapier "Kuunyth" {drain, Str+5 Int-2 Dex+7}
rCold   . . .      Faith    .    (no shield)
rNeg    . . .      Spirit   .    x - +3 scale mail {rF+}
rPois   +          Reflect  .    L - +0 helmet
rElec   .          Harm     .    T - scarf {shadows}
rCorr   .          Roll     +    j - +2 pair of gloves {Str+3}
Will    +....                    (no barding)
Stlth   ++++......               (no amulet)
HPRegen 0.45/turn                s - +4 ring of protection
MPRegen 0.22/turn                N - ring of poison resistance

@: heavily drained
A: large, rugged brown scales 3, deformed body, armoured tail, roll, long
tongue, awkward tongue
}: 1/15 runes: gossamer
a: Renounce Religion, Stomp, Line Pass


You were on level 3 of the Abyss.
You worshipped Uskayaw.
Uskayaw was most pleased with you.
You visited 5 branches of the dungeon, and saw 29 of its levels.
You visited the Abyss 1 time.

You collected 3088 gold pieces.
You spent 638 gold pieces at shops.

Inventory:

Hand Weapons
 a - the +11 rapier "Kuunyth" (weapon) {drain, Str+5 Int-2 Dex+7}
   (You bought it in a shop on level 2 of the Orcish Mines)

   A truly terrible weapon, it drains the life of any living foe it strikes.
   Str:       It affects your strength (+5).
   Int:       It affects your intelligence (-2).
   Dex:       It affects your dexterity (+7).
 c - the +2 dagger of the Brain {chaos, *Rage Str+2 Int+4 SInv}
   (You found it on level 8 of the Dungeon)

   Each time it hits an enemy it has a different, random effect.
   Str:       It affects your strength (+2).
   Int:       It affects your intelligence (+4).
   SInv:      It lets you see invisible.
   *Rage:     It berserks you when you make melee attacks (+20% chance).
 v - the +8 dagger of Rutyuhop {holy, Fly rF+ Str+2 Int+4}
   (You found it on level 7 of the Dungeon)

   It has been blessed by the Shining One to cause great damage to the undead
   and demons.
   Str:       It affects your strength (+2).
   Int:       It affects your intelligence (+4).
   rF:        It protects you from fire.
   Fly:       It grants you flight.
Missiles
 M - 23 boomerangs (quivered)
 Q - a throwing net
Armour
 j - a +2 pair of gloves of strength (worn)
 p - +1 fire dragon scales
 x - a +3 scale mail of fire resistance (worn)
 L - a +0 helmet (worn)
 T - a scarf of shadows (worn)
Jewellery
 h - the ring "Gybliad" {Wiz Will+ Str+3}
   (You found it on level 2 of the Orcish Mines)

   [ring of wizardry]

   It improves your spell success rate.
   Str:       It affects your strength (+3).
   Will:      It increases your willpower.
 i - the ring of the Dropbear {rF+ rC+}
   (You found it on level 2 of the Swamp)

   [ring of protection from fire]

   rF:        It protects you from fire.
   rC:        It protects you from cold.
 o - a ring of flight
 s - a +4 ring of protection (left hand)
 t - a +6 ring of dexterity
 u - a ring of positive energy
 N - a ring of poison resistance (right hand)
Wands
 g - a wand of digging (3)
 r - a wand of acid (9)
 y - a wand of polymorph (18)
 C - a wand of flame (51)
 F - a wand of roots (1)
 X - a wand of charming (29)
Scrolls
 b - 3 scrolls of fear
 d - 5 scrolls of magic mapping
 w - 5 scrolls of butterflies
 B - 14 scrolls of identify
 H - a scroll of poison
 I - 6 scrolls of teleportation
 R - 2 scrolls of enchant weapon
 U - 3 scrolls of enchant armour
 V - a scroll of brand weapon
 Z - 3 scrolls of immolation
Potions
 e - 9 potions of flight
 f - 7 potions of haste
 k - 10 potions of brilliance
 m - a potion of invisibility
 q - 4 potions of might
 z - 2 potions of lignification
 D - 11 potions of ambrosia
 E - 3 potions of resistance
 G - a potion of curing
 J - 5 potions of mutation
 O - 4 potions of cancellation
 W - a potion of magic
 Y - 3 potions of berserk rage
Miscellaneous
 S - a box of beasts


   Skills:
 * Level 14.6 Fighting
 - Level 14.0 Short Blades
 - Level 1.7 Maces & Flails
 + Level 11.0 Armour
 + Level 9.2 Dodging
 - Level 11.0 Stealth
 * Level 17.7 Invocations
 - Level 10.0 Evocations


You had 17 spell levels left.
You didn't know any spells.
Your spell library contained the following spells:

 Spells                   Type           Power      Damage    Failure   Level
 Beastly Appendage        Tmut           0%         N/A       56%         1
 Freeze                   Ice            0%         1d3       56%         1
 Magic Dart               Conj           0%         1d3       56%         1
 Necrotise                Necr           0%         1d4       56%         1
 Sandblast                Erth           0%         2d4       56%         1
 Shock                    Conj/Air       0%         1d3       56%         1
 Cigotuvi's Dreadful Rot  Necr/Pois/Air  0%         N/A       71%         2
 Passwall                 Tmut/Erth      0%         N/A       71%         2
 Poisonous Vapours        Pois/Air       0%         N/A       71%         2
 Searing Ray              Conj           0%         2d4       71%         2
 Sublimation of Blood     Necr           0%         N/A       71%         2
 Wereblood                Tmut           0%         N/A       71%         2
 Call Canine Familiar     Summ           0%         N/A       90%         3
 Frozen Ramparts          Ice            0%         1d1       90%         3
 Hailstorm                Conj/Ice       0%         3d3       90%         3
 Mephitic Cloud           Conj/Pois/Air  0%         N/A       90%         3
 Portal Projectile        Hex/Tloc       0%         N/A       90%         3
 Spider Form              Tmut/Pois      0%         N/A       90%         3
 Stone Arrow              Conj/Erth      0%         3d7       90%         3
 Swiftness                Air            0%         N/A       90%         3
 Vampiric Draining        Necr           0%         2d6       90%         3
 Vhi's Electric Charge    Tloc/Air       0%         N/A       90%         3
 Airstrike                Air            0%         2d(0-16)  100%        4
 Fulminant Prism          Conj/Hex       0%         3d6       100%        4
 Ice Form                 Ice/Tmut       0%         N/A       100%        4
 Leda's Liquefaction      Hex/Erth       0%         N/A       100%        4
 Summon Ice Beast         Ice/Summ       0%         N/A       100%        4
 Agony                    Necr           0%         N/A       100%        5
 Arcjolt                  Conj/Air       0%         1d10      100%        5
 Fireball                 Conj/Fire      0%         3d3       100%        5
 Iskenderun's Battlesphe  Conj           0%         2d6       100%        5
 Summon Forest            Summ/Tloc      0%         N/A       100%        5
 Conjure Ball Lightning   Conj/Air       0%         3x3d6     100%        6
 Iron Shot                Conj/Erth      0%         9d1       100%        6
 Malign Gateway           Summ/Tloc      0%         N/A       100%        7
 Orb of Destruction       Conj           0%         9d5       100%        7
 Spellforged Servitor     Conj/Summ      0%         N/A       100%        7
 Summon Hydra             Summ           0%         N/A       100%        7
 Maxwell's Capacitive Co  Air            0%         ∞         100%        8
 Summon Horrible Things   Summ           0%         N/A       100%        8
 Chain Lightning          Conj/Air       0%         N/A       100%        9
 Fire Storm               Conj/Fire      0%         5d1       100%        9
 Shatter                  Erth           0%         3d5*      100%        9


Dungeon Overview and Level Annotations

Branches:
Dungeon (15/15)            Temple (0/1) D:4            Lair (5/5) D:11
  Swamp (3/4) Lair:2       Spider (4/4) Lair:3        Slime (0/5) Lair:4
    Orc (2/2) D:12            Elf (0/3) Orc:2        Vaults (0/5) D:13
 Depths (0/4) D:15

Altars:
Kikubaaqudgha
Trog
Uskayaw
Wu Jian
Jiyva

Shops:
D:6 !((   D:13 :   Orc:2 ![(?

Annotations:
Lair:1 2 transporters, wamuu's ghost, novice FeBe
Swamp:3 Louise


Innate Abilities, Weirdness & Mutations

You are completely covered in rugged brown scales. (AC +3, +7% HP)
Armour fits poorly on your strangely shaped body.
You have a long armoured tail.
You roll when moving toward enemies. (Rampage)
Your long tongue fully drains potion bottles. (2x potion effects)
Your tongue gives you trouble enunciating. (1.5x scroll delay)


Message History

The spatial maelstrom hits you but does no damage.
Unknown command.
You puncture the Executioner!
The Executioner is heavily wounded.
The Executioner completely misses you.
The Executioner hits you but does no damage. x2
Unknown command.
You puncture the Executioner!
Your tail-slap misses the Executioner.
The Executioner is severely wounded.
The Executioner closely misses you.
The Executioner hits you but does no damage.
The Executioner hits you.
The spatial maelstrom closely misses you.
The spatial maelstrom hits you. Space warps around you.
The Executioner hits you!!
* * * LOW HITPOINT WARNING * * *
The Executioner misses you. x2
You puncture the Executioner!
The Executioner is almost dead.
The Executioner hits you but does no damage. x2
The Executioner hits you.
* * * LOW HITPOINT WARNING * * *
The spatial maelstrom hits you but does no damage.
The spatial maelstrom closely misses you.
You hit the Executioner but do no damage.
The Executioner is almost dead.
The Executioner hits you!
* * * LOW HITPOINT WARNING * * *
The Executioner hits you but does no damage. x2
The Executioner misses you.
The Executioner hits you but does no damage.
The Executioner hits you.
* * * LOW HITPOINT WARNING * * *
The spatial maelstrom hits you.
* * * LOW HITPOINT WARNING * * *
You blink.
You roll towards the Executioner!
An efreet comes into view.
It is wielding a +4 scimitar of flaming.
The Executioner hits you!
You die...

.# ## ## .
.## ......vv
...#...
7.#....
7.#...#
.#..##
7##.##1v####
. .##@.#.##
#.....#....#
##....#..#..#
7#.#.#....#
#.#
.~~≈..#...
7.~~~~..~~~#
7≈~~~≈~~~≈~.
.~.R°~~~..≈~
7~..##~~~~≈~~


You could see a spatial maelstrom and an Executioner (fast).

Vanquished Creatures
  Mara (Spider:3)
  Arachne (Spider:2)
  Rupert (D:13)
  3 liches (Abyss:3)
  Frances (Swamp:2)
  Kirke (Spider:4)
  2 thorn hunters
  Agnes (Spider:4)
  4 emperor scorpions (Spider:4)
  The ghost of choppaz the Severer, a journeyman MiBe of Trog (Orc:2)
  4 ghost moths
  2 orc warlords (Orc:2)
  A very ugly thing (Abyss:3)
  2 broodmothers
  A bunyip (Swamp:3)
  5 eleionomae
  3 spark wasps (Spider:4)
  5 fire dragons
  A shambling mangrove (Swamp:2)
  An entropy weaver (Spider:1)
  4 vault guards (D:13)
  14 hydras
  2 ogre magi (Abyss:3)
  Erolcha (D:13)
  3 boulder beetles
  A jorogumo (Spider:3)
  5 two-headed ogres
  2 radroaches
  3 anacondas (Lair:5)
  5 alligators
  7 centaur warriors
  10 death yaks
  2 spriggan berserkers (Swamp:2)
  3 orc high priests (Orc:2)
  3 sun moths
  2 sixfirhies (Abyss:3)
  4 pharaoh ants
  6 orb spiders (Spider:4)
  2 bog bodies (Swamp:1)
  6 goliath frogs
  A spriggan druid (Swamp:2)
  5 swamp dragons
  10 steelbarb worms
  A wizard (D:13)
  A spriggan simulacrum (Abyss:3)
  5 starcursed masses (Abyss:3)
  A shadow demon (Abyss:3)
  4 harpies (D:15)
  2 lindwurms (Lair:5)
  2 orc knights
  25 wolf spiders
  3 oklob plants (D:11)
  5 orc sorcerers
  4 cyclopes
  4 will-o-the-wisps
  2 manticores
  9 ugly things
  A moth of wrath (Spider:4)
  19 elephants
  4 black mambas (Lair:5)
  Maurice (D:9)
  A titan simulacrum (Abyss:3)
  8 cane toads
  2 orange demons
  A smoke demon (Abyss:3)
  11 torpor snails
  4 demonic crawlers
  An unseen horror (D:12)
  A freezing wraith (D:14)
  4 rime drakes
  3 efreet
  A kobold demonologist (D:12)
  11 komodo dragons
  2 yaktaurs
  A hellwing (Abyss:3)
  A queen bee (Lair:2)
  10 trolls
  3 bloated husks
  3 meliai (Spider:4)
  A polar bear (Lair:4)
  27 hornets
  21 tarantellas
  A polar bear (shapeshifter) (Abyss:3)
  9 tyrant leeches
  15 blink frogs
  4 slime creatures
  7 dream sheep
  A centaur simulacrum (D:14)
  16 jumping spiders
  Sigmund (D:2)
  16 culicivoras
  16 spriggans
  2 shadows
  3 wraiths
  A ynoxinul (Abyss:3)
  67 yaks
  9 wyverns
  A fire bat (Abyss:3)
  7 basilisks
  2 golden eyes (Abyss:3)
  2 steam dragons (Lair:5)
  2 humans (D:13)
  29 redbacks
  A redback (shapeshifter) (D:14)
  5 chaos spawn (Abyss:3)
  10 vampire mosquitoes
  A large abomination (Abyss:3)
  A spatial vortex (Abyss:3)
  13 swamp worms
  3 wargs (Orc:2)
  5 acid dragons
  10 water moccasins
  26 orc warriors
  5 swamp drakes
  An ice beast (D:5)
  7 black bears
  10 wolves
  11 ogres
  4 boggarts (D:14)
  8 centaurs
  A phantom (D:5)
  12 bullfrogs
  2 kobold brigands
  4 scorpions
  2 small abominations (Abyss:3)
  4 wights (D:9)
  A spectral ogre (Orc:2)
  42 killer bees
  2 electric eels
  4 howler monkeys
  2 hounds
  2 gnoll boudas
  17 orc priests
  7 jellies
  Natasha (twice) (D:4)
  Terence (D:3)
  5 iguanas
  23 orc wizards
  3 spectral orcs (Orc:2)
  A troll simulacrum (Orc:2)
  6 gnolls
  5 adders
  An ogre simulacrum (Orc:2)
  A shadow imp (D:5)
  2 white imps (Abyss:3)
  An ufetubus (D:7)
  An orc simulacrum (Orc:2)
  A worm (D:4)
  2 dart slugs
  128 orcs
  5 ball pythons
  8 endoplasms
  3 giant cockroaches
  9 goblins
  4 hobgoblins
  4 jackals (D:2)
  3 quokkas
  3 bats
  2 frilled lizards
  11 kobolds
  6 rats
1027 creatures vanquished.

Vanquished Creatures (collateral kills)
  The ghost of Urycu the Slayer, an adept MiBe of Trog (Swamp:2)
  A hydra (Swamp:2)
  2 blink frogs (Lair:5)
4 creatures vanquished.

Vanquished Creatures (others)
  A golden eye (Abyss:3)
  5 humans (Spider:4)
  An acid dragon (Lair:5)
  An orc priest (Orc:2)
  14 bushes
  2 foxfires (Swamp:2)
  31 fungi
  129 plants
184 creatures vanquished.

Grand Total: 1215 creatures vanquished

Notes
Turn   | Place    | Note
-------+----------+-------------------------------------------
     0 | D:5      | MrRokkomies the Armataur Delver began the quest for the
                  | Orb.
     0 | D:5      | Reached XP level 1. HP: 19/19 MP: 1/1
    37 | D:5      | Noticed an ogre
    75 | D:5      | Noticed a water moccasin
   105 | D:4      | Reached skill level 1 in Armour
   208 | D:4      | Noticed a gnoll bouda
   232 | D:3      | Noticed an orc priest
   259 | D:2      | Reached XP level 2. HP: 21/26 MP: 2/2
   872 | D:1      | Reached XP level 3. HP: 33/33 MP: 3/3
  1626 | D:2      | Found an ancient bone altar of Kikubaaqudgha.
  1970 | D:2      | Noticed Sigmund
  2202 | D:3      | Reached XP level 4. HP: 18/40 MP: 4/4
  2326 | D:3      | Noticed Terence
  2344 | D:3      | Killed Terence
  2617 | D:3      | Found a faded altar of an unknown god.
  2623 | D:3      | Prayed at the altar of an unknown god.
  2623 | D:3      | Became a worshipper of Uskayaw the Reveller
  2623 | D:3      | Reached * piety under Uskayaw
  2868 | D:4      | Reached XP level 5. HP: 26/49 MP: 5/5
  3017 | D:2      | Reached ** piety under Uskayaw
  3018 | D:2      | Killed Sigmund
  3019 | D:2      | Reached skill level 1 in Short Blades
  3019 | D:2      | Reached XP level 6. HP: 56/56 MP: 6/6
  3118 | D:3      | Reached *** piety under Uskayaw
  3245 | D:4      | Noticed Natasha
  3253 | D:4      | Killed Natasha
  3628 | D:4      | Noticed Natasha
  3633 | D:4      | Killed Natasha
  3695 | D:4      | Reached XP level 7. HP: 64/64 MP: 7/7
  3884 | D:4      | Found a staircase to the Ecumenical Temple.
  4298 | D:5      | Reached skill level 5 in Fighting
  4422 | D:5      | Reached skill level 5 in Armour
  4621 | D:5      | Reached XP level 8. HP: 74/74 MP: 8/8
  5057 | D:6      | Found Bampyliu's Antique Weapon Shoppe.
  5074 | D:6      | Found Noilyhor's Distillery.
  5097 | D:6      | Bought a potion of berserk rage for 50 gold pieces
  5097 | D:6      | Bought a potion of might for 40 gold pieces
  5555 | D:6      | Reached skill level 5 in Short Blades
  5695 | D:6      | Found Fiozesei's Antique Weapon Boutique.
  5700 | D:6      | Bought a runed rapier for 147 gold pieces
  6047 | D:7      | Identified the +5 halberd of the Hated {vorpal, rElec
                  | Dex+3}
  6083 | D:7      | Found a bloodstained altar of Trog.
  6091 | D:7      | Reached XP level 9. HP: 79/83 MP: 9/9
  6094 | D:7      | Reached **** piety under Uskayaw
  6099 | D:7      | Reached ***** piety under Uskayaw
  6128 | D:7      | Identified the +8 dagger of Rutyuhop {holy, Fly rF+ Str+2
                  | Int+4}
  6588 | D:8      | Identified the +2 dagger of the Brain {chaos, *Rage Str+2
                  | Int+4 SInv}
  6627 | D:8      | Noticed a two-headed ogre
  6649 | D:7      | Reached skill level 1 in Invocations
  7032 | D:8      | Reached skill level 2 in Invocations
  7156 | D:8      | Killed a two-headed ogre
  7157 | D:8      | Reached skill level 3 in Invocations
  7157 | D:8      | Reached XP level 10. HP: 74/96 MP: 10/12
  8002 | D:9      | Noticed Maurice
  8004 | D:9      | Killed Maurice
  8089 | D:9      | Noticed a two-headed ogre
  8100 | D:9      | Killed a two-headed ogre
  8101 | D:9      | Reached skill level 4 in Invocations
  8270 | D:9      | Found an ornate altar of the Wu Jian Council.
  8414 | D:9      | Noticed a centaur warrior
  8428 | D:9      | Killed a centaur warrior
  8435 | D:9      | Reached XP level 11. HP: 65/103 MP: 14/14
  9024 | D:10     | Entered Level 10 of the Dungeon
  9328 | D:10     | Reached skill level 5 in Invocations
  9555 | D:10     | Reached ****** piety under Uskayaw
 10360 | D:11     | Noticed an oklob plant
 10361 | D:11     | Noticed an oklob plant
 10384 | D:11     | Reached skill level 10 in Fighting
 10658 | D:11     | Noticed an oklob plant
 10932 | D:11     | Found a staircase to the Lair.
 10958 | Lair:1   | Entered Level 1 of the Lair of Beasts
 11123 | Lair:1   | Reached skill level 6 in Invocations
 11575 | Lair:1   | Found a transporter.
 11593 | Lair:1   | Reached skill level 10 in Short Blades
 11679 | Lair:1   | Noticed wamuu's ghost (novice FeBe)
 11689 | Lair:1   | Found a transporter.
 11724 | Lair:1   | Reached skill level 7 in Invocations
 11767 | Lair:1   | Reached XP level 12. HP: 110/113 MP: 17/17
 12036 | Lair:2   | Reached skill level 10 in Armour
 12429 | Lair:2   | Reached skill level 8 in Invocations
 12770 | Lair:2   | Reached skill level 10 in Stealth
 12905 | Lair:2   | Found a staircase to the Swamp.
 13069 | Lair:2   | Reached skill level 9 in Invocations
 13695 | Lair:3   | Paralysed by a hornet for 3 turns
 13703 | Lair:3   | Paralysed by a hornet for 3 turns
 14233 | Lair:3   | Reached XP level 13. HP: 120/120 MP: 20/20
 14553 | Lair:3   | Found a hole to the Spider Nest.
 15134 | Lair:3   | Reached skill level 10 in Invocations
 15383 | Lair:4   | Reached skill level 1 in Evocations
 15461 | Lair:4   | Found a staircase to the Slime Pits.
 16395 | Lair:5   | Entered Level 5 of the Lair of Beasts
 17017 | Lair:5   | Noticed a fire dragon
 17033 | Lair:5   | Killed a fire dragon
 17034 | Lair:5   | Reached skill level 11 in Invocations
 17700 | Lair:5   | Reached XP level 14. HP: 45/129 MP: 22/22
 18227 | Lair:5   | Reached skill level 5 in Dodging
 18503 | Lair:5   | Paralysed by a hornet for 2 turns
 18602 | Lair:5   | Found a runed translucent door.
 19140 | Lair:5   | Reached skill level 12 in Invocations
 20282 | Lair:5   | Reached skill level 5 in Evocations
 21107 | D:12     | Found a viscous altar of Jiyva.
 21285 | D:12     | Found a staircase to the Orcish Mines.
 22617 | Orc:1    | Entered Level 1 of the Orcish Mines
 22837 | Orc:2    | Entered Level 2 of the Orcish Mines
 22896 | Orc:2    | Noticed an orc warlord
 22914 | Orc:2    | Killed an orc warlord
 22915 | Orc:2    | Reached skill level 13 in Invocations
 23171 | Orc:2    | Found a runed translucent gate.
 23171 | Orc:2    | Found a runed translucent gate.
 23171 | Orc:2    | Found a runed translucent gate.
 23302 | Orc:2    | Noticed an orc warlord
 23346 | Orc:2    | Killed an orc warlord
 23367 | Orc:2    | Reached XP level 15. HP: 28/134 MP: 24/24
 23656 | Orc:2    | Found Otele's Antique Weapon Shoppe.
 23669 | Orc:2    | Found Nuclasu's Antique Armour Emporium.
 23678 | Orc:2    | Bought a bloodstained rapier for 261 gold pieces
 23678 | Orc:2    | Identified the +11 rapier "Kuunyth" {drain, Str+5 Int-2
                  | Dex+7} (You bought it in a shop on level 2 of the Orcish
                  | Mines)
 23705 | Orc:2    | Found a staircase to the Elven Halls.
 23824 | Orc:2    | Found Anass's Magic Scroll Boutique.
 23991 | Orc:2    | Found Sec Ipteigg's Distillery.
 24011 | Orc:2    | Bought a potion of heal wounds for 70 gold pieces
 24011 | Orc:2    | Bought a potion of heal wounds for 70 gold pieces
 24219 | Orc:2    | Noticed choppaz's ghost (journeyman MiBe)
 24235 | Orc:2    | Killed choppaz's ghost
 24241 | Orc:2    | Identified the ring "Gybliad" {Wiz Will+ Str+3}
 24384 | D:13     | Found Zean's Book Emporium.
 24585 | D:13     | Noticed Erolcha
 24597 | D:13     | Killed Erolcha
 24618 | D:13     | Identified the +8 spear of the Enchanted Forest {vamp,
                  | Drain rElec Str+9}
 24803 | D:13     | Noticed Rupert
 24805 | D:13     | Killed Rupert
 25370 | D:13     | Found a gate to the Vaults.
 25384 | D:13     | Reached skill level 14 in Invocations
 26681 | D:15     | Entered Level 15 of the Dungeon
 27008 | D:15     | Got the Codex of Experimentation
 27282 | D:15     | Found a staircase to the Depths.
 28209 | Spider:1 | Entered Level 1 of the Spider Nest
 28353 | Spider:1 | Reached XP level 16. HP: 136/147 MP: 27/27
 28649 | Spider:1 | Reached skill level 15 in Invocations
 28918 | Spider:2 | Noticed Arachne
 29214 | Spider:2 | Killed Arachne
 31392 | Spider:3 | Noticed Mara
 31402 | Spider:3 | Noticed MrRokkomies's illusion
 31403 | Spider:3 | Killed Mara
 31589 | Spider:4 | Entered Level 4 of the Spider Nest
 31961 | Spider:4 | Noticed Kirke
 31970 | Spider:4 | Killed Kirke
 31971 | Spider:4 | Reached skill level 16 in Invocations
 32924 | Spider:4 | Reached XP level 17. HP: 130/159 MP: 19/29
 33216 | Spider:4 | Noticed Agnes
 33362 | Spider:4 | Killed Agnes
 34249 | Spider:4 | Got a gossamer rune of Zot
 34670 | Swamp:1  | Entered Level 1 of the Swamp
 35423 | Swamp:2  | Found a runed translucent gate.
 35424 | Swamp:2  | Found a runed translucent gate.
 35432 | Swamp:2  | Found a runed translucent gate.
 35433 | Swamp:2  | Noticed Urycu's ghost (adept MiBe)
 35860 | Swamp:2  | Reached skill level 10 in Evocations
 36144 | Swamp:2  | Noticed Frances
 36157 | Swamp:2  | Killed Frances
 36158 | Swamp:2  | Reached skill level 17 in Invocations
 37136 | Swamp:2  | Killed Urycu's ghost
 37152 | Swamp:2  | HP: 4/162 [ten-headed hydra (11)]
 37424 | Swamp:2  | Identified the +4 scimitar "Kaukehi" {vorpal, MP+9 Dex+4}
 37425 | Swamp:2  | Identified the ring of the Dropbear {rF+ rC+}
 38189 | Swamp:3  | Noticed Louise
 38209 | Abyss:2  | Cast into level 2 of the Abyss (Louise)
 38634 | Abyss:3  | Found a corrupted altar of Lugonu.
 38715 | Abyss:3  | Noticed a lich
 38745 | Abyss:3  | Noticed a lich
 38750 | Abyss:3  | Killed a lich
 38750 | Abyss:3  | Killed a lich
 38751 | Abyss:3  | Reached XP level 18. HP: 106/172 MP: 30/30
 38765 | Abyss:3  | Noticed a dread lich
 38768 | Abyss:3  | Noticed a lich
 38768 | Abyss:3  | Noticed a lich
 38770 | Abyss:3  | Killed a lich
 38771 | Abyss:3  | Noticed a lich
 38786 | Abyss:3  | HP: 3/166 [something (18)]
 38801 | Abyss:3  | HP: 7/154 [dread lich (4)]
 38804 | Abyss:3  | Paralysed by a dread lich for 5 turns
 38854 | Abyss:3  | HP: 7/154 [spatial maelstrom (3)]
 38855 | Abyss:3  | Slain by an Executioner

Illustrated notes

Levels and vault maps discovered:
D:1:      co_arrival_square_in_a_square_in_a_square, layout_basic
D:2:      layout_basic, basic_altar, uniq_sigmund
D:3:      layout_loops_cross, basic_ecumenical_altar, uniq_terence
D:4:      kennysheep_six_static_rooms, layout_cave_pods,
          minmay_temple_entry_sparse_star, uniq_natasha
D:5:      layout_basic
D:6:      layout_loops_ring, serial_shops, nicolae_shop_hallway_plus,
          nicolae_lakefront_shop, shop, minivault_23,
          chequers_serial_rivers_room_a
D:7:      layout_rooms, trog_ov_bears_minmay, amcnicky_mini_corridor_feature
D:8:      layout_cave_pools, serial_park, serial_park_square2,
          serial_park_square2, serial_park_tiny_1, serial_park_square2,
          serial_park_square1 [serial_park_minivault_5x5_3]
D:9:      layout_loops_ring, nicolae_wu_jian_immortal_techniques,
          hangedman_abyss_or_decor_stabs, minmay_fractal_squares_gapless_7,
          uniq_maurice
D:10:     layout_cave_pools, special_room [special_room_orc],
          serial_bayou_pond_a
D:11:     layout_cave_pools, dpeg_oklobed_lair
D:12:     minmay_curly_fans, layout_layer_cave, hiddenorc2_lemuel,
          wad_woods_river_04, jiyva_altar_1
D:13:     layout_irregular_city, grunt_vaults_entry_fortified,
          nicolae_take_the_stairs, uniq_rupert, uniq_erolcha
D:14:     layout_grid_maze, chequers_serial_rivers_large_a
D:15:     grunt_enter_depths_hoard, layout_loops_ring, solitary_fountain
Lair:1:   layout_chaotic_city, gammafunk_ghost_berserking_beasts
Lair:2:   layout_long_grid, swamp_mist, serial_rivers,
          chequers_serial_rivers_marsh, chequers_serial_rivers_micro_e,
          chequers_serial_rivers_micro_e, chequers_serial_rivers_micro_b,
          chequers_serial_rivers_micro_b, special_room [special_room_bee],
          minivault_11, wad_woods_02, lemuel_fruit_tree,
          infiniplex_staircase_pool
Lair:3:   layout_cellular_growth, spider_nest_entry_rubble, serial_forest,
          infiniplex_forest_clump_cross, infiniplex_forest_diagonal,
          infiniplex_forest_clump_tiny, infiniplex_forest_lined_room_2,
          infiniplex_forest_end_2, infiniplex_forest_zigzag_2,
          infiniplex_forest_lined_3_way, infiniplex_forest_lined_room_,
          infiniplex_forest_lined_corner, nicolae_quartered_pool_little,
          dreamdust_wasp_nest
Lair:4:   layout_cave_pods, slime_entry_1
Lair:5:   guppyfry_lair_end_dragon, layout_gridlike, wormcave,
          nicolae_lair_lakeside_cave, grunt_megastairs_4
Swamp:1:  layout_falls_marsh, evilmike_swamp_ruin_house_2
Swamp:2:  nicolae_swamp_secret_spriggan_hideout, layout_falls_marsh,
          gammafunk_ghost_hydra_chop, evilmike_swamp_ruin_wall, swamp_pool1,
          st_swamp_ruins_2, uniq_frances
Swamp:3:  layout_basic_swamp, serial_swamp_ruin, evilmike_swamp_ruin_house_6,
          hangedman_swamp_ruin_wall, swamp_pool1, nicolae_swamp_no_escape,
          uniq_louise
Spider:1: layout_spider_delve
Spider:2: layout_spider_delve, drop_trap, uniq_arachne
Spider:3: layout_spider_delve, uniq_mara
Spider:4: spider_rune_water, uniq_agnes, uniq_kirke
Orc:1:    layout_diamond_mine
Orc:2:    grunt_orc_community_town_hall, layout_caves,
          grunt_orc_community_big_house_1, grunt_orc_community_big_house_2,
          grunt_orc_community_house_1, grunt_orc_community_house_2,
          grunt_orc_community_house_1, grunt_orc_community_house_2,
          gammafunk_ghost_necromancy
Abyss:3:  base: Swamp:2, guppyfry_abyss_exit_imp_island, hangedman_abyss_theft,
          due_evilmike_abyss_rune_seething_liches,
          due_evilmike_abyss_rune_seething_liches

Skill      XL: |  1  2  3  4  5  6  7  8  9 10 11 12 13 14 15 16 17 18 |
---------------+-------------------------------------------------------+-----
Armour         | 1 2 3 4 5 6 7 8 9 10 11 | 11.0
Fighting       | 3 4 5 6 8 9 10 11 13 14 | 14.6
Stealth        | 6 7 8 9 10 11 | 11.0
Short Blades   | 1 2 3 5 7 8 10 11 12 14 | 14.0
Invocations    | 3 4 7 9 11 13 14 16 17 | 17.7
Dodging        | 3 4 6 7 8 9 |  9.2
Evocations     | 3 6 7 9 10 | 10.0
Maces & Flails | |  1.7

Action                   |  1- 3 |  4- 6 |  7- 9 | 10-12 | 13-15 | 16-18 || total
-------------------------+-------+-------+-------+-------+-------+-------++-------
Melee: Mace              |   100 |    31 |       |       |       |       ||   131
       Tailslap          |    10 |    14 |    49 |   126 |   298 |   195 ||   692
       Punch             |     1 |     3 |     3 |    12 |    19 |    18 ||    56
       Rapier            |       |    52 |   126 |   699 |  1452 |   869 ||  3198
       Dagger            |       |    29 |   139 |    38 |       |    47 ||   253
       Great sword       |       |       |       |       |     8 |       ||     8
Throw: Dart              |       |       |     3 |    37 |    54 |     2 ||    96
       Boomerang         |       |       |       |       |       |     1 ||     1
Invok: Stomp             |       |       |       |     5 |       |     5 ||    10
       Grand Finale      |       |       |       |       |       |     2 ||     2
Evoke: Wand              |       |     8 |     3 |     7 |    22 |    19 ||    59
       Box of beasts     |       |       |       |       |     1 |     1 ||     2
  Use: Scroll            |     6 |       |    11 |    11 |    11 |    11 ||    50
       Potion            |     1 |     1 |     2 |     5 |     7 |    12 ||    28
 Stab: Sleeping          |     5 |       |     6 |    11 |    23 |    31 ||    76
       Paralysed         |       |       |    16 |    56 |    94 |    70 ||   236
       Distracted        |       |       |       |       |     8 |     7 ||    15
       Held in net/web   |       |       |       |       |     1 |     1 ||     2
Armor: Ring mail         |    13 |       |       |       |       |       ||    13
       Chain mail        |    36 |       |       |       |       |       ||    36
       Plate armour      |     6 |    62 |       |       |       |       ||    68
       Scale mail        |       |       |   164 |   320 |   374 |   447 ||  1305
       Skin              |       |       |       |       |    42 |       ||    42
       Fire dragon scale |       |       |       |       |    31 |       ||    31
Dodge: Dodged            |    36 |    32 |    96 |   226 |   367 |   552 ||  1309

Table legend: (Time is in decaauts)
 A = Elapsed time spent in this place.
 B = Non-inter-level travel time spent in this place.
 C = Inter-level travel time spent in this place.
 D = Time resting spent in this place.
 E = Time spent auto-exploring this place.
 F = Levels seen in this place.
 G = Mean time per level.
                   A        B        C        D        E       F      G
               +--------+--------+--------+--------+--------+-----+--------+
         Total |  37457 |  35662 |   1795 |   8809 |  21139 |  31 | 1208.3 |
       Dungeon |  16438 |  15561 |    877 |   1896 |  11342 |  15 | 1095.9 |
          Lair |   9369 |   8948 |    421 |   2378 |   5170 |   5 | 1873.8 |
         Swamp |   3587 |   3537 |     50 |   1277 |   1724 |   3 | 1195.7 |
   Spider Nest |   5967 |   5573 |    394 |   2884 |   1851 |   4 | 1491.8 |
  Orcish Mines |   1525 |   1473 |     52 |    206 |    970 |   2 |  762.5 |
         Abyss |    567 |    567 |      0 |    166 |     80 |   2 |  283.5 |
               +--------+--------+--------+--------+--------+-----+--------+

Top non-repeatable levels by time:
  Lair:5: 3779 daAuts
Spider:4: 2900 daAuts
 Swamp:2: 2217 daAuts
    D:12: 2014 daAuts
  Lair:3: 1762 daAuts
  Lair:2: 1667 daAuts
Spider:3: 1443 daAuts
     D:9: 1350 daAuts
   Orc:2: 1313 daAuts
Spider:1: 1246 daAuts
    D:13: 1168 daAuts
    D:14: 1164 daAuts
     D:3: 1149 daAuts
  Lair:4: 1148 daAuts
     D:4: 1147 daAuts
